 Dungeon Crawl Stone Soup version 0.30-a0-137-gd8773701ce (webtiles) character file.

Game seed: 14655814231798606196

17765 LnG the Thaumaturge (level 12, -33/68 HPs)
             Began as a Kobold Summoner on Sept 23, 2022.
             Was an Initiate of Yredelemnul.
             Annihilated by a boulder beetle (37 damage)
             ... on level 13 of the Dungeon.
             The game lasted 01:19:24 (18229 turns).

LnG the Thaumaturge (Kobold Summoner)              Turns: 18229, Time: 01:19:25

Health: -33/68     AC:  7    Str:  6    XL:     12   Next: 86%
Magic:  9/26       EV: 19    Int: 23    God:    Yredelemnul [......]
Gold:   711        SH:  0    Dex: 16    Spells: 14/32 levels left

rFire   x . .      SeeInvis +    J - +2 quick blade (vamp)
rCold   . . .      Faith    .    (no shield)
rNeg    . . .      Spirit   .    v - +2 robe {Archmagi}
rPois   .          Reflect  .    (no helmet)
rElec   .          Harm     .    (no cloak)
rCorr   .          Rampage  .    (no gloves)
Will    +....      Archmagi +    q - +2 pair of boots
Stlth   ++++++....               H - amulet of the acrobat
HPRegen 0.21/turn                f - ring "Otatovil" {rF- Int+3 Slay+4 SInv}
MPRegen 0.20/turn                x - ring of Makhleb, Bedazzling {Wiz Will+}

@: no status effects
A: small, no large weapons, nightstalker 3
a: Renounce Religion, Recall Undead Harvest


You were on level 13 of the Dungeon.
You worshipped Yredelemnul.
Yredelemnul was noncommittal.
You visited 2 branches of the dungeon, and saw 15 of its levels.
You also visited: Bailey.

You collected 1219 gold pieces.
You spent 508 gold pieces at shops.

Inventory:

Hand Weapons
 u - a +3 dagger of protection
 J - a +2 vampiric quick blade (weapon)
Armour
 q - a +2 pair of boots (worn)
 v - a +2 robe of the Archmagi (worn)
Jewellery
 f - the ring "Otatovil" (left hand) {rF- Int+3 Slay+4 SInv}
   (You acquired it in a bailey)

   [ring of slaying]

   Int:       It affects your intelligence (+3).
   Slay:      It affects your accuracy & damage with ranged weapons and melee
   (+4).
   rF:        It makes you vulnerable to fire.
   SInv:      It lets you see invisible.
 w - a +4 ring of evasion
 x - the ring of Makhleb, Bedazzling (right hand) {Wiz Will+}
   (You found it on level 5 of the Dungeon)

   [ring of wizardry]

   It improves your spell success rate.
   Will:      It increases your willpower.
 E - a ring of magical power
 H - an amulet of the acrobat (around neck)
 I - a ring of poison resistance
Wands
 d - a wand of paralysis (8)
 y - a wand of iceblast (15)
 F - a wand of flame (21)
 K - a wand of polymorph (4)
Scrolls
 a - 3 scrolls of brand weapon
 c - a scroll of vulnerability
 e - 4 scrolls of butterflies
 h - 3 scrolls of immolation
 m - 3 scrolls of teleportation
 o - 4 scrolls of poison
 t - a scroll of enchant armour
 z - a scroll of summoning
 D - 2 scrolls of blinking
 G - a scroll of amnesia
Potions
 b - 3 potions of magic
 g - 3 potions of curing
 i - 2 potions of attraction
 j - a potion of brilliance {unknown}
 k - a potion of haste {unknown}
 l - a potion of flight {unknown}
 p - 2 potions of cancellation
 r - 3 potions of might {unknown}
 s - 3 potions of resistance
 A - 2 potions of berserk rage {unknown}
 B - 4 potions of mutation {unknown}
 C - a potion of ambrosia {unknown}


   Skills:
 + Level 5.0 Fighting
 + Level 7.8 Short Blades
 + Level 8.9 Dodging
 + Level 10.6 Stealth
 + Level 0.1 Unarmed Combat
 + Level 10.6 Spellcasting
 + Level 4.0 Hexes
 + Level 10.2 Summonings
 + Level 2.9 Air Magic
 * Level 6.1 Invocations


You had 14 spell levels left.
You knew the following spells:

 Your Spells              Type           Power      Damage    Failure   Level
a - Summon Small Mammal   Summ           100%       N/A       1%          1
b - Call Imp              Summ           73%        N/A       1%          2
c - Call Canine Familiar  Summ           73%        N/A       1%          3
d - Summon Guardian Gole  Hex/Summ       61%        N/A       1%          3
e - Summon Lightning Spi  Summ/Air       59%        N/A       1%          4
f - Summon Forest         Summ/Tloc      26%        N/A       8%          5

Your spell library contained the following spells:

 Spells                   Type           Power      Damage    Failure   Level
 Beastly Appendage        Tmut           36%        N/A       2%          1
 Necrotise                Necr           72%        1d7       2%          1
 Sandblast                Erth           36%        2d10      2%          1
 Inner Flame              Hex/Fire       32%        N/A       2%          3
 Portal Projectile        Hex/Tloc       64%        N/A       2%          3
 Passwall                 Tmut/Erth      15%        N/A       3%          2
 Wereblood                Tmut           18%        N/A       3%          2
 Kindle Blastsparks       Fire/Tloc/Air  50%        2d14      4%          3
 Ignite Poison            Fire/Tmut/Pois 18%        N/A       6%          3
 Ozocubu's Armour         Ice            18%        N/A       6%          3
 Spider Form              Tmut/Pois      18%        N/A       6%          3
 Stone Arrow              Conj/Erth      36%        3d9       6%          3
 Vampiric Draining        Necr           18%        2d7       6%          3
 Leda's Liquefaction      Hex/Erth       16%        N/A       9%          4
 Silence                  Hex/Air        21%        N/A       14%         5
 Passage of Golubria      Tloc           18%        N/A       21%         4
 Sticky Flame             Conj/Fire      18%        2d4       21%         4
 Metabolic Englaciation   Hex/Ice        16%        N/A       26%         5
 Summon Hydra             Summ           36%        N/A       26%         7
 Agony                    Necr           18%        N/A       50%         5
 Lee's Rapid Deconstruct  Erth           9%         3d8*      50%         5
 Eringya's Noxious Bog    Tmut/Pois      9%         N/A       96%         6
 Infestation              Necr           9%         N/A       100%        8
 Lehudib's Crystal Spear  Conj/Erth      9%         10d4      100%        8
 Maxwell's Capacitive Co  Air            19%        ∞         100%        8
 Chain Lightning          Conj/Air       14%        3d18      100%        9
 Shatter                  Erth           9%         3d11*     100%        9
 Simulacrum               Ice/Necr       Unusable   N/A       N/A         6

Dungeon Overview and Level Annotations

Branches:
Dungeon (14/15)            Temple (1/1) D:7            Lair (0/5) D:9
    Orc (0/2) D:9          Bailey (visited)
 Vaults: D:13-14

Altars:
Ashenzari
Cheibriados
Dithmenos
Elyvilon
Fedhas
Gozag
Hepliaklqana
Kikubaaqudgha
Makhleb
Nemelex Xobeh
Okawaru
Qazlal
Ru
Sif Muna
Trog
Uskayaw
Vehumet
Wu Jian
Xom
Yredelemnul
Zin
The Shining One

Shops:
D:2 [!=[(   D:7 *=   D:9 *(


Innate Abilities, Weirdness & Mutations

You are small and have problems with some larger weapons.
You are completely attuned to the shadows.


Message History

The bolt of electricity hits the boulder beetle!
The boulder beetle leaps!
The centaur warrior wields a +0 shortbow.
The centaur warrior shoots an arrow.
The arrow completely misses you.
The centaur warrior shoots an arrow.
The arrow barely misses your guardian golem.
The arrow misses you.
The slime creature attacks as you move away!
The slime creature barely misses you. The boulder beetle bites your warg!
The centaur warrior shoots an arrow.
The arrow hits your shadow imp!!
Your shadow imp dies!
Your shadow imp disappears in a puff of smoke!
Your warg bites the boulder beetle but does no damage.
Casting: Call Imp (safe; 1% risk of failure)
Confirm with . or Enter, or press ? or * to list all spells.
You feel a surge of power!
An electric hum fills the air.
Your lightning spire disappears in a puff of smoke!
The centaur warrior shoots an arrow.
The arrow hits you! The boulder beetle bites your warg!!
The slime creature hits you.
Your warg bites the boulder beetle.
The centaur warrior shoots an arrow.
The arrow hits you!
You hear a shout!
Found a quarterstaff.
The boulder beetle curls into a ball and begins rolling!
Your warg bites the boulder beetle.
Your lightning spire shoots out a bolt of lightning at the slime creature!
The bolt of electricity hits the slime creature!
The bolt of electricity hits your guardian golem.
Your guardian golem resists.
Your guardian golem overheats!
Casting: Summon Lightning Spire (dangerous; 1% risk of failure)
Confirm with . or Enter, or press ? or * to list all spells.
You feel a surge of power!
A guardian golem appears, shielding your allies.
Your guardian golem disappears in a puff of smoke!
The centaur warrior shoots an arrow.
The arrow hits you!!
* * * LOW HITPOINT WARNING * * *
Your warg bites the boulder beetle.
The boulder beetle hits you!!!
Ouch! That really hurt!
You die...
Your body rises from the dead as a mindless zombie.

***,,,,* **,,,,,,****
****,**,,,***,** ****** *
***,,,,,,,,,,*,,,** ***,,,,***
***,,,,,,,,,.......,***,,,,,,,,*
,,*,,,,,,##.......#***,**,,,,,***
,,,,,,,,,......○..# *,,,*,,,,,,,*
,,,,,,,,,.^...§hB.#**,,,,,,,,,***
,,,,,,,,,...c...@.#.**,,,,,,,,* *
,,,,,,,,,.......J.9.#*,,,,,,,****
,,,,,,,,,.......J8...,,,,,,,,,**,
,,,,,,,*,....<.......,,,,,,,,**,,
,,,,,,***..§........),,,,<,,,,,,,
,,,,,,***...........,,,,,,,,,,,,,
,,,,,**,,...........,,,,,,,,,,,,,
**,,,,,,,.........#**,,,,,,,,,,,,
***,,,,,,,........#**,,,,,,,,,,,,


You could see a boulder beetle (rolling, ally target), 2 slime creatures, a
centaur warrior, a friendly guardian golem (summoned), a friendly warg
(summoned, sheltered) and a friendly lightning spire (summoned, sheltered).

Vanquished Creatures
  3 deep elf pyromancers (D:12)
  A wizard (D:14)
  2 deep elf zephyrmancers (D:12)
  A komodo dragon (D:9)
  An efreet (D:14)
  A freezing wraith (D:14)
  2 kobold demonologists
  4 wraiths
  A wyvern (D:10)
  2 vampires
  5 yaks
  A steam dragon (D:8)
  7 vampire mosquitoes
  A water moccasin (D:7)
  5 orc warriors
  A black bear (D:6)
  2 kobold brigands
  3 bullfrogs
  A gnoll sergeant (D:7)
  A scorpion (D:5)
  6 killer bees
  5 howler monkeys
  An orc wizard (D:12)
  An iguana (D:5)
  A gnoll (Bailey)
  An adder (D:5)
  A shadow imp (D:5)
  3 white imps
  A dart slug (D:3)
  12 orcs
  7 endoplasms
  12 goblins
  7 hobgoblins
  3 jackals
  6 kobolds
  3 quokkas
  5 ball pythons
  4 bats
  A frilled lizard (D:3)
  A rat (D:1)
126 creatures vanquished.

Vanquished Creatures (collateral kills)
  A two-headed ogre (D:9)
  A boulder beetle (D:11)
  Sonja (D:10)
  A cyclops (D:12)
  Maggie (D:10)
  2 kobold demonologists (Bailey)
  2 trolls
  8 yaks
  2 wyverns
  A steam dragon (D:9)
  2 vampire mosquitoes
  An acid dragon (D:11)
  3 water moccasins
  An ice beast (D:7)
  7 orc warriors (Bailey)
  A sky beast (D:7)
  2 black bears (D:9)
  A centaur (D:9)
  2 ogres
  2 kobold brigands (D:9)
  4 gnoll sergeants (D:7)
  A necrophage (D:8)
  2 scorpions
  4 bullfrogs
  6 killer bees
  An electric eel (Bailey)
  A hound (D:7)
  An orc priest (D:7)
  2 jellies (D:7)
  3 gnoll boudas (D:7)
  3 iguanas
  2 orc wizards
  4 adders
  9 gnolls
  A white imp (D:5)
  An ufetubus (D:7)
  A worm (D:2)
  23 orcs
  A bat (D:1)
  7 endoplasms
  4 hobgoblins
  3 jackals
  2 ball pythons
  2 frilled lizards
  6 goblins
  A goblin zombie (Bailey)
  10 kobolds
  A rat (D:1)
148 creatures vanquished.

Vanquished Creatures (others)
  A two-headed ogre (D:10)
  A hornet (D:10)
  A water moccasin (D:6)
  An orc warrior (Bailey)
  2 vampire mosquito zombies (D:10)
  A water moccasin zombie (D:7)
  A yak zombie (D:9)
  A bullfrog zombie (D:7)
  A centaur zombie (D:9)
  3 killer bee zombies (D:9)
  An adder (D:6)
  7 gnoll zombies
  A hobgoblin (Bailey)
  3 goblin zombies (Bailey)
  2 hobgoblin zombies (Bailey)
  10 orc zombies
  A spectral ufetubus (D:7)
  28 fungi (D:9)
  18 plants (D:9)
84 creatures vanquished.

Grand Total: 358 creatures vanquished

Notes
Turn   | Place    | Note
-------+----------+-------------------------------------------
     0 | D:1      | LnG the Kobold Summoner began the quest for the Orb.
     0 | D:1      | Reached XP level 1. HP: 10/10 MP: 3/3
   226 | D:1      | Reached XP level 2. HP: 15/15 MP: 1/5
   229 | D:1      | Learned a level 2 spell: Call Imp
  1160 | D:1      | Reached XP level 3. HP: 20/20 MP: 6/6
  1278 | D:1      | Learned a level 3 spell: Call Canine Familiar
  1772 | D:2      | Found Enebopt's Jewellery Shop.
  1944 | D:2      | Found Vionwel's Distillery.
  2207 | D:2      | Reached XP level 4. HP: 24/24 MP: 3/7
  2668 | D:2      | Found Jurea's Weapon Shop.
  2710 | D:2      | Found Fepaom's Antique Armour Shoppe.
  2922 | D:2      | Found Baonkas's Antique Armour Shoppe.
  4143 | D:3      | Found a blossoming altar of Fedhas.
  4566 | D:2      | Bought an embroidered robe for 85 gold pieces
  4630 | D:2      | Bought a potion of curing for 36 gold pieces
  4666 | D:2      | Bought a potion of degeneration for 12 gold pieces
  4866 | D:4      | Reached skill level 1 in Short Blades
  4881 | D:4      | Reached XP level 5. HP: 28/28 MP: 6/9
  4885 | D:4      | Learned a level 3 spell: Summon Guardian Golem
  5188 | D:4      | Noticed an ogre
  5195 | D:4      | Killed an ogre
  5196 | D:4      | Reached skill level 1 in Fighting
  5196 | D:4      | Reached XP level 6. HP: 33/34 MP: 6/11
  5537 | D:5      | Entered Level 5 of the Dungeon
  5727 | D:5      | Found a radiant altar of Vehumet.
  5906 | D:5      | Reached skill level 5 in Stealth
  5915 | D:5      | Identified the ring of Makhleb, Bedazzling {Wiz Will+}
  6115 | D:5      | Noticed a water moccasin
  6142 | D:5      | Killed a water moccasin
  6143 | D:5      | Reached skill level 5 in Summonings
  6143 | D:5      | Reached XP level 7. HP: 8/38 MP: 5/13
  6355 | D:5      | Found a burning altar of Makhleb.
  6355 | D:5      | Found an iron altar of Okawaru.
  6713 | D:6      | Learned a level 4 spell: Summon Lightning Spire
  7147 | D:6      | Noticed a water moccasin
  7158 | D:6      | Killed a water moccasin
  7159 | D:6      | Reached XP level 8. HP: 31/44 MP: 4/14
  8203 | D:7      | Found a shimmering altar of Xom.
  8332 | D:7      | Found Wenotoiv's Jewellery Boutique.
  8367 | D:7      | Found a staircase to the Ecumenical Temple.
  8387 | Temple   | Entered the Ecumenical Temple
  8428 | Temple   | Became a worshipper of Yredelemnul the Dark
  8511 | D:7      | Reached * piety under Yredelemnul
  8511 | D:7      | Reached skill level 5 in Spellcasting
  8511 | D:7      | Reached skill level 1 in Hexes
  8577 | D:7      | Identified the +8 hand axe "Tejuecad" {drain, rElec Dex+4
                  | Stlth+}
  8579 | D:7      | Found the +3 woodcutter's axe {vorpal}
  9072 | D:7      | Reached XP level 9. HP: 48/48 MP: 17/17
  9074 | D:7      | Reached ** piety under Yredelemnul
  9080 | D:7      | Reached skill level 1 in Air Magic
  9123 | D:7      | Reached skill level 5 in Short Blades
  9123 | D:7      | Reached skill level 5 in Dodging
  9157 | D:7      | Reached *** piety under Yredelemnul
  9546 | D:7      | Found Jyp Luss's General Store.
  9551 | D:7      | Bought a potion of curing for 45 gold pieces
  9551 | D:7      | Bought a scroll of identify for 30 gold pieces
  9551 | D:7      | Bought a ring of magical power for 300 gold pieces
  9733 | D:7      | Found a hide-covered altar of Uskayaw.
  9850 | D:8      | Found a flagged portal.
  9867 | Bailey   | Entered a bailey
 10119 | Bailey   | Noticed a kobold demonologist
 10124 | Bailey   | Noticed a red devil
 10168 | Bailey   | Killed a kobold demonologist
 10526 | Bailey   | Reached XP level 10. HP: 55/55 MP: 20/20
 10563 | Bailey   | Acquired the ring "Otatovil" {rF- Int+3 Slay+4 SInv}
 10970 | Bailey   | Found an iron altar of Okawaru.
 10971 | Bailey   | Noticed a kobold demonologist
 10985 | Bailey   | Noticed an ice devil
 10991 | Bailey   | Killed a kobold demonologist
 11271 | Bailey   | Got Ogonk's Exposition on Evil Rites and Incandescence
 12266 | D:9      | Found a bloodstained altar of Trog.
 12664 | D:9      | Noticed a kobold demonologist
 12670 | D:9      | Reached XP level 11. HP: 57/60 MP: 14/23
 12676 | D:9      | Reached **** piety under Yredelemnul
 12680 | D:9      | Reached ***** piety under Yredelemnul
 12721 | D:9      | Found a staircase to the Lair.
 12792 | D:9      | Found a staircase to the Orcish Mines.
 12819 | D:9      | Reached ****** piety under Yredelemnul
 13733 | D:9      | Found Jatacuko's Overcharged Wands.
 13763 | D:9      | Found Mituxin's Weapon Emporium.
 13875 | D:10     | Entered Level 10 of the Dungeon
 13878 | D:10     | Noticed a two-headed ogre
 13936 | D:9      | Killed a two-headed ogre
 13937 | D:9      | Reached skill level 1 in Invocations
 14226 | D:10     | Noticed Maggie
 14227 | D:10     | Noticed Sonja
 14237 | D:10     | Killed Maggie
 14240 | D:10     | Killed Sonja
 14647 | D:10     | Learned a level 5 spell: Summon Forest
 14778 | D:10     | Noticed a two-headed ogre
 14792 | D:10     | Killed a two-headed ogre
 14793 | D:10     | Reached XP level 12. HP: 53/68 MP: 9/25
 15445 | D:11     | Acquired a +2 vampiric quick blade
 15525 | D:11     | Noticed a boulder beetle
 15566 | D:11     | Killed a boulder beetle
 15567 | D:11     | Reached skill level 10 in Spellcasting
 16572 | D:12     | Got the Volume of Plaster Cramp
 16579 | D:12     | Reached skill level 5 in Invocations
 16583 | D:12     | Got Puamoup's Parchment of Combed Thunderclap
 16606 | D:12     | Reached skill level 10 in Summonings
 16618 | D:12     | Got Sif Muna's Almanac of Axaxaxas mlö
 16789 | D:12     | Reached skill level 5 in Fighting
 16935 | D:12     | You fall into a shaft and drop 2 floors!
 16935 | D:14     | Found a broken altar of Ashenzari.
 16970 | D:14     | Reached skill level 10 in Stealth
 17004 | D:14     | Noticed a centaur warrior
 18213 | D:13     | Noticed a boulder beetle
 18213 | D:13     | Noticed a tengu warrior
 18223 | D:13     | Noticed a centaur warrior
 18229 | D:13     | Annihilated by a boulder beetle

Illustrated notes

Levels and vault maps discovered:
D:1:      dpeg_arrival_ternary, layout_loops_ring
D:2:      layout_basic, serial_shops, nicolae_lakefront_shop, shop,
          nicolae_shop_waterfront, nicolae_shop_hallway_plus, shop_fountains,
          nicolae_figureground_pulse
D:3:      layout_basic, mainiacjoe_overflow_concentric_impassable
D:4:      layout_cave_pools, minmay_goblin_kobold_house
D:5:      layout_basic, nicolae_vehumet_altar_sigil, nicolae_overflow_squiral
D:6:      layout_cave_pods
D:7:      minmay_polygon_palace, layout_rooms, mainiacjoe_overflow_big_doors,
          minmay_temple_entry_slanted, serial_shops, nicolae_shop_crystal,
          nicolae_shop_statue_plus, pf_guarded_unrand_woodcutter
D:8:      layout_cave_pools, enter_bailey_5
D:9:      layout_loops_ring, trog_ov_bears_minmay,
          grunt_lair_entry_orc_guard_hut, orc_0_dummy, serial_shops,
          nicolae_shop_behind_doors, nicolae_shop_overcharged_wands
D:10:     layout_roguey, uniq_maggie, uniq_sonja
D:11:     layout_roguey
D:12:     layout_loops_corners, bh_hangedman_babel_library
D:13:     layout_cave_pools, uniq_azrael
D:14:     layout_loops_cross, lightli_vaults_fourway_checkpoint,
          cheibrodos_ashenzari_chains
Temple:   nicolae_temple_no_exploring_needed

Skill      XL: |  1  2  3  4  5  6  7  8  9 10 11 12 |
---------------+-------------------------------------+-----
Stealth        | 3 4 5 6 7 8 9 10 | 10.6
Dodging        | 3 4 6 8 |  8.9
Short Blades   | 1 3 4 5 6 7 |  7.8
Spellcasting   | 3 4 5 7 8 9 10 | 10.6
Fighting       | 1 2 3 4 5 |  5.0
Summonings     | 5 6 7 8 9 10 | 10.2
Hexes          | 1 2 3 4 |  4.0
Air Magic      | 1 2 |  2.9
Invocations    | 3 6 |  6.1
Unarmed Combat | |  0.1

Action                   |  1- 3 |  4- 6 |  7- 9 | 10-12 || total
-------------------------+-------+-------+-------+-------++-------
Melee: Unarmed           |     8 |       |       |       ||     8
       Dagger            |    63 |   139 |   151 |   211 ||   564
       Punch             |       |     1 |     5 |     4 ||    10
       Quick blade       |       |       |       |    99 ||    99
 Cast: Summon Small Mamm |     9 |       |       |     2 ||    11
       Call Imp          |     5 |     4 |     6 |     4 ||    19
       Call Canine Famil |     4 |    15 |    24 |    40 ||    83
       Summon Guardian G |       |     1 |    19 |    34 ||    54
       Summon Lightning  |       |       |    10 |    15 ||    25
       Summon Forest     |       |       |       |     1 ||     1
Invok: Recall Undead Har |       |       |       |     2 ||     2
  Use: Scroll            |     4 |     1 |     6 |    18 ||    29
       Potion            |       |     2 |     5 |     2 ||     9
 Stab: Sleeping          |    11 |    14 |     9 |    30 ||    64
       Distracted        |       |     1 |     1 |     7 ||     9
Armor: Robe              |     9 |    26 |    31 |    57 ||   123
Dodge: Dodged            |    73 |   101 |   180 |   226 ||   580

Table legend: (Time is in decaauts)
 A = Elapsed time spent in this place.
 B = Non-inter-level travel time spent in this place.
 C = Inter-level travel time spent in this place.
 D = Time resting spent in this place.
 E = Time spent auto-exploring this place.
 F = Levels seen in this place.
 G = Mean time per level.
                   A        B        C        D        E       F      G
               +--------+--------+--------+--------+--------+-----+--------+
         Total |  18087 |  17297 |    790 |   6013 |   7747 |  16 | 1130.4 |
       Dungeon |  16315 |  15540 |    775 |   5052 |   7465 |  14 | 1165.4 |
        Temple |     49 |     34 |     15 |      0 |     20 |   1 |   49.0 |
        Bailey |   1721 |   1721 |      0 |    961 |    262 |   1 | 1721.0 |
               +--------+--------+--------+--------+--------+-----+--------+

Top non-repeatable levels by time:
     D:9: 1782 daAuts
     D:1: 1766 daAuts
  Bailey: 1721 daAuts
     D:7: 1686 daAuts
     D:2: 1588 daAuts
     D:3: 1424 daAuts
     D:6: 1383 daAuts
    D:10: 1272 daAuts
    D:12: 1259 daAuts
    D:11: 1188 daAuts
     D:5: 1133 daAuts
     D:4: 752 daAuts
     D:8: 690 daAuts
    D:13: 282 daAuts
    D:14: 104 daAuts
